 Dungeon Crawl Stone Soup version 0.29-a0-925-g0a7a3d12f8 (webtiles) character file.

Game seed: 4430737297750838502

9640 mcwallace the Thaumaturge (level 11, -16/58 HPs)
             Began as a Vine Stalker Conjurer on July 28, 2022.
             Was a Follower of Vehumet.
             Demolished by a komodo dragon (24 damage)
             ... on level 11 of the Dungeon.
             The game lasted 00:41:07 (12109 turns).

mcwallace the Thaumaturge (Vine Stalker Conjurer)  Turns: 12109, Time: 00:41:08

Health: -16/58     AC: 11    Str: 11    XL:     11   Next: 49%
Magic:  0/24       EV: 14    Int: 22    God:    Vehumet [*.....]
Gold:   775        SH: 11    Dex: 18    Spells: 20/26 levels left

rFire   . . .      SeeInvis .   w - staff of conjuration {!a@e2staff}
rCold   + . .      Faith    .   D - +0 kite shield
rNeg    . . .      Spirit   +   l - +2 robe {rC+}
rPois   .          Reflect  .   K - +0 helmet of Uffoysa {Rampage Will++ Regen+ Slay-2}
rElec   .          Harm     .   U - +0 cloak
rCorr   .          Rampage  +   o - +0 pair of gloves
Will    +++..                   (no boots)
Stlth   ++........              p - amulet of regeneration {@e2}
HPRegen 2.59/turn               V - +6 ring of dexterity
MPRegen 0.19/turn               F - +4 ring of protection

@: about to teleport, freezing walls
A: fangs 3, regeneration 1, magic shield, antimagic bite, no potion heal 2
a: Renounce Religion


You were on level 11 of the Dungeon.
You worshipped Vehumet.
Vehumet was aware of your devotion.
You visited 2 branches of the dungeon, and saw 12 of its levels.
You also visited: Sewer.

You collected 775 gold pieces.


Innate Abilities, Weirdness & Mutations

You have razor-sharp teeth.
Your natural rate of healing is unusually fast.
When hurt, damage is shared between your health and your magic reserves.
Your bite disrupts and absorbs the magic of your enemies.
Potions cannot restore your health.


   Skills:
 + Level 7.1 Fighting
 + Level 6.7 Dodging
 - Level 2.4 Stealth
 + Level 6.8 Shields
 + Level 8.2 Spellcasting
 - Level 8.0 Conjurations
 + Level 3.3 Ice Magic
 + Level 3.1 Evocations


You had 20 spell levels left.
You knew the following spells:

 Your Spells              Type           Power      Damage    Failure   Level
a - Magic Dart            Conj           100%       1d8       1%          1
b - Searing Ray           Conj           100%       2d8       1%          2
c - Frozen Ramparts       Ice            46%        1d6       14%         3

Your spell library contained the following spells:

 Spells                   Type           Power      Damage    Failure   Level
 Freeze                   Ice            92%        1d10      4%          1
 Dazzling Flash           Conj/Hex       80%        N/A       11%         3
 Necrotise                Necr           36%        1d5       19%         1
 Mephitic Cloud           Conj/Pois/Air  31%        N/A       19%         3
 Blink                    Tloc           18%        N/A       28%         2
 Call Imp                 Summ           9%         N/A       28%         2
 Sublimation of Blood     Necr           9%         N/A       28%         2
 Fulminant Prism          Conj/Hex       20%        3d13      36%         4
 Iskenderun's Mystic Bla  Conj/Tloc      40%        2d9       36%         4
 Ignite Poison            Fire/Tmut/Pois 9%         N/A       50%         3
 Lesser Beckoning         Tloc           9%         N/A       50%         3
 Vampiric Draining        Necr           9%         2d6       50%         3
 Ice Form                 Ice/Tmut       16%        N/A       67%         4
 Summon Ice Beast         Ice/Summ       16%        N/A       67%         4
 Irradiate                Conj/Tmut      20%        3d18      71%         5
 Freezing Cloud           Conj/Ice/Air   19%        6-21      73%         5
 Petrify                  Tmut/Erth      9%         N/A       88%         4
 Agony                    Necr           9%         N/A       99%         5
 Manifold Assault         Tloc           9%         N/A       99%         5

Inventory:

Hand Weapons
 a - a +8 scimitar {long}
   (You took it off Urug on level 10 of the Dungeon)
 M - a +2 vorpal sling
   (You found it on level 3 of the Dungeon)
 Y - a +4 battleaxe {axe}
   (You took it off a wight on level 5 of the Dungeon)
 Z - a +2 scythe of venom {polearm}
   (You took it off Sigmund on level 5 of the Dungeon)
Missiles
 j - 19 boomerangs {throwing}
 q - 7 javelins (quivered) {throwing}
 v - 2 curare-tipped darts {=fthrowing}
 S - 44 poisoned darts {throwing}
Armour
 l - a +2 robe of cold resistance (worn)
   (You took it off Psyche on level 10 of the Dungeon)
 o - a +0 pair of gloves (worn)
   (You found it on level 1 of the Dungeon)
 D - a +0 kite shield (worn)
   (You found it on level 2 of the Dungeon)
 K - the +0 helmet of Uffoysa (worn) {Rampage Will++ Regen+ Slay-2}
   (You found it on level 3 of the Dungeon)

   Slay:      It affects your accuracy & damage with ranged weapons and melee
   (-2).
   Regen:     It increases your rate of health regeneration.
   Rampage:   It bestows one free step when moving towards enemies.
   Will:      It greatly increases your willpower.
 U - a +0 cloak (worn)
   (You found it on level 4 of the Dungeon)
Magical Staves
 w - a staff of conjuration (weapon) {!a@e2staff}
   (You found it on level 2 of the Dungeon)
Jewellery
 e - a ring of see invisible
   (You found it on level 1 of the Dungeon)
 i - a ring of ice
   (You found it on level 1 of the Dungeon)
 p - an amulet of regeneration (around neck) {@e2}
   (You found it on level 1 of the Dungeon)
 u - a ring of protection from cold
   (You found it on level 2 of the Dungeon)
 F - a +4 ring of protection (right hand)
   (You found it on level 3 of the Dungeon)
 T - a +6 ring of strength
   (You found it on level 4 of the Dungeon)
 V - a +6 ring of dexterity (left hand)
   (You found it on level 5 of the Dungeon)
 W - a ring of poison resistance
   (You found it on level 5 of the Dungeon)
Wands
 c - a wand of mindburst (12)
   (You found it on level 4 of the Dungeon)
 f - a wand of acid (4)
   (You found it on level 9 of the Dungeon)
 A - a wand of roots (15)
   (You found it on level 7 of the Dungeon)
 J - a wand of flame (12)
   (You found it on level 10 of the Dungeon)
 N - a wand of polymorph (4)
   (You found it in a sewer)
Scrolls
 d - 3 scrolls of vulnerability {!r!r}
 g - 3 scrolls of silence {!r}
 k - 3 scrolls of immolation {!r!r}
 r - 4 scrolls of blinking {!r}
 s - a scroll of summoning
 x - 4 scrolls of magic mapping {!r}
 y - a scroll of poison {!r}
 B - 8 scrolls of teleportation {@r4}
 C - 3 scrolls of butterflies
 G - 2 scrolls of fear
 H - a scroll of enchant weapon {unknown}
 I - 2 scrolls of enchant armour
Potions
 b - a potion of magic
 h - 2 potions of berserk rage {unknown}
 m - 9 potions of curing {@q1}
 n - 2 potions of cancellation {unknown}
 t - 4 potions of invisibility {unknown}
 z - a potion of brilliance {unknown}
 E - 3 potions of degeneration {unknown}
 L - a potion of mutation {unknown}
 P - 2 potions of lignification {unknown}
 Q - 2 potions of haste {unknown}
 X - a potion of attraction {unknown}
Miscellaneous
 O - a lightning rod (4/4)
   (You found it in a sewer)

Dungeon Overview and Level Annotations

Branches:
Dungeon (11/15) Zot: 26739  Temple (1/1) D:6 Zot: 5934   Sewer (visited)
   Lair: D:8-11         Orc: D:9-12

Altars:
Ashenzari
Cheibriados
Dithmenos
Elyvilon
Fedhas
Gozag
Hepliaklqana
Kikubaaqudgha
Makhleb
Nemelex Xobeh
Okawaru
Qazlal
Ru
Sif Muna
Trog
Uskayaw
Vehumet
Wu Jian
Xom
Yredelemnul
Zin
The Shining One

(## .....P ?$.. ###...PP..
#.. ##.......PPP ..
#..#......P.P..P ...
#..#..........PP ... .zā€
.......PPPP ###.###
#Dc....hP..PP . ##.....##
#@)......P.P. ..#.......#
##l.........P
..#.......#########..?......
................ā€
.........Po
...........................P
.........<..................
......................<.....
.......#####..............##
.......#...######.........#


You could see a fire dragon, a skeletal warrior, a komodo dragon (slow), a black
bear and a centaur.


Message History

The centaur kicks you but does no damage.
The wall freezes the hog but does no damage.
The hog bites you. The centaur completely misses you.
The centaur kicks you but does no damage.
The wall freezes the centaur.
The centaur barely misses you.
The centaur closely misses you. šŸ˜• HP[-1] MP[-3]
You take 1 damage, and now have 54/58 hp.
You lost 3 mp, and now have 9/24 mp.
Casting: Frozen Ramparts (dangerous; 16% risk of failure)
Confirm with . or Enter, or press ? or * to list all spells.
Aiming: Searing Ray (safe; 1% risk of failure)
Press: ? - help, Shift-Dir - straight line, f - fire dragon
Aim: a fire dragon (87% to hit)
You feel a surge of power!
The searing ray hits the hog.
The searing ray hits the fire dragon. (Press . to maintain the ray.)
The wall freezes the hog.
The hog bites you.
The fire dragon is frozen!
The wall freezes the fire dragon.
The centaur barely misses you. You block the centaur's attack.
The wall freezes the centaur.
You block the centaur's attack. x2 šŸ˜• MP[-2]
You lost 2 mp, and now have 7/24 mp.
The searing ray misses the fire dragon.
The centaur misses you. The centaur completely misses you.
The wall freezes the centaur.
The centaur barely misses you. The centaur misses you.
A skeletal warrior comes into view. It is wielding a +0 halberd.
The wall freezes the hog.
The centaur hits you. You block the centaur's attack.
The wall freezes the centaur.
You kill the centaur!
Vehumet accepts your kill.
The wall freezes the komodo dragon.
You block the komodo dragon's attack. šŸ˜• HP[-1] MP[-2]
You take 1 damage, and now have 53/58 hp.
You lost 2 mp, and now have 5/24 mp.
The searing ray hits the fire dragon!
The searing ray hits the hog!
The wall freezes the fire dragon.
The fire dragon bites you. The fire dragon closely misses you.
You block the fire dragon's attack. The centaur completely misses you.
The centaur misses you.
The wall freezes the hog.
The wall freezes the komodo dragon!
The komodo dragon seems to slow down.
You block the komodo dragon's attack. šŸ˜• HP[+2]
You regained 2 hp, and now have 55/58 hp.
The searing ray hits the fire dragon.
The searing ray hits the hog!
You kill the hog!
Vehumet accepts your kill.
You feel your power returning.
The hog's shape twists and changes as it dies.
You finish channelling your searing ray.
The centaur hits you but does no damage.
The centaur closely misses you.
The fire dragon is frozen!
The wall freezes the fire dragon.
The fire dragon bites you.
The fire dragon claws you but does no damage.
The fire dragon tramples you but does no damage.
The skeletal warrior resists.
The wall freezes the skeletal warrior.
The skeletal warrior hits you from afar with a +0 halberd!
The centaur closely misses you.
The centaur kicks you but does no damage. šŸ˜• HP[-11] MP[-1]
You take 11 damage, and now have 44/58 hp.
You lost 1 mp, and now have 4/24 mp.
As you read the scroll of teleportation {@r4}, it crumbles to dust.
You feel strangely unstable.
The fire dragon is frozen!
The wall freezes the fire dragon.
The fire dragon breathes flames at you. The blast of flame misses you.
The skeletal warrior resists.
The wall freezes the skeletal warrior.
The skeletal warrior hits you from afar with a +0 halberd!!
* * * LOW HITPOINT WARNING * * *
A black bear comes into view.
You block the centaur's attack.
The centaur kicks you but does no damage.
The wall freezes the komodo dragon!
You block the komodo dragon's attack.
You hear a loud, deep croak!
You hear an angry hiss.
You hear a shout! x2
You hear an angry growl. šŸ˜Ø HP[-20] MP[-2]
You take 20 damage, and now have 24/58 hp.
MASSIVE DAMAGE!! (PAUSE)
You lost 2 mp, and now have 2/24 mp.
Aiming: Corrosive Bolt
Press: ? - help, Q - select action, (/) - cycle Shift-Dir - straight line, f - skeletal warrior, p - fire dragon
Aim: a skeletal warrior, wielding a +0 halberd (lightly damaged, 74% to hit)
The bolt of acid hits the fire dragon!
The bolt of acid misses the skeletal warrior.
The black bear growls angrily.
The centaur hits you.
* * * LOW HITPOINT WARNING * * *
The centaur closely misses you.
The wall freezes the fire dragon.
The fire dragon bites you.
* * * LOW HITPOINT WARNING * * *
The fire dragon closely misses you. The fire dragon tramples you.
* * * LOW HITPOINT WARNING * * *
You hold your ground!
The skeletal warrior resists.
The wall freezes the skeletal warrior.
The skeletal warrior hits you from afar with a +0 halberd.
* * * LOW HITPOINT WARNING * * *
You block the centaur's attack. The centaur kicks you.
* * * LOW HITPOINT WARNING * * *
The wall freezes the komodo dragon.
The komodo dragon bites you!!
You die...

Skill      XL: |  1  2  3  4  5  6  7  8  9 10 11 |
---------------+----------------------------------+-----
Fighting       | 1 2 3 4 5 6 7 |  7.1
Dodging        | 2 3 4 5 6 |  6.7
Spellcasting   | 3 4 5 6 7 8 |  8.2
Shields        | 1 2 4 5 6 |  6.8
Conjurations   | 5 6 7 8 |  8.0
Evocations     | 1 3 |  3.1
Ice Magic      | 1 3 |  3.3
Stealth        | |  2.4

Action                   |  1- 3 |  4- 6 |  7- 9 | 10-12 || total
-------------------------+-------+-------+-------+-------++-------
Melee: Unarmed           |     2 |       |       |       ||     2
       Bite              |     5 |    42 |     3 |    25 ||    75
       Staff             |    11 |   167 |     7 |    60 ||   245
       Dagger            |     8 |       |       |       ||     8
       Punch             |       |     1 |     1 |       ||     2
Throw: Dart              |       |       |     1 |     4 ||     5
       Boomerang         |       |       |     1 |       ||     1
       Javelin           |       |       |       |     3 ||     3
 Cast: Magic Dart        |    60 |    20 |     3 |       ||    83
       Searing Ray       |       |    11 |    48 |    74 ||   133
       Frozen Ramparts   |       |       |       |     1 ||     1
Evoke: Lightning rod     |       |     3 |     6 |       ||     9
       Wand              |       |       |       |     4 ||     4
  Use: Scroll            |       |     9 |     2 |     4 ||    15
 Stab: Sleeping          |       |     4 |       |     2 ||     6
Armor: Robe              |    11 |   112 |    35 |    82 ||   240
Dodge: Dodged            |    19 |   172 |    71 |   119 ||   381
Block: Kite shield       |       |       |    30 |   133 ||   163

Levels and vault maps discovered:
D:1:      dpeg_arrival_refuge, layout_rooms
D:2:      layout_loops_cross, dreamdust_ecumenical_altar_angels_and_demons
D:3:      layout_rooms, cheibrodos_sewer_entry_bend
D:4:      layout_cave_pools, lemuel_coloured_pillars_altar,
          lemuel_zombie_altar_kikubaaqudgha
D:5:      layout_basic, nicolae_fountain_basement, uniq_sigmund
D:6:      minmay_chambers_of_sixes, layout_loops_ring, lemuel_temple_firewalk_b,
          uniq_menkaure
D:7:      cheibrodos_fzero, layout_rooms, minmay_overflow_temple_hex
D:8:      layout_rooms, nrook_mini_backslash, grunt_decor_arrowhead,
          minivault_19
D:9:      layout_roguey, minmay_strange_pillars
D:10:     layout_stronghold, lemuel_flamethrower_2, uniq_urug, uniq_psyche
D:11:     minmay_curly_fans, layout_irregular_city, due_lair_maze_entry_diamond,
          nicolae_trove_entry_path_of_doom
Temple:   nicolae_temple_great_sept

Notes
Turn   | Place    | Note
-------+----------+-------------------------------------------
     0 | D:1      | mcwallace the Vine Stalker Conjurer began the quest for the
                  | Orb.
     0 | D:1      | Reached XP level 1. HP: 9/9 MP: 4/4
     0 | D:1      | magus.rc [v1.9.6]
   218 | D:1      | Reached XP level 2. HP: 14/14 MP: 0/6
   683 | D:1      | Reached skill level 1 in Fighting
   683 | D:1      | Reached skill level 2 in Dodging
   683 | D:1      | Reached XP level 3. HP: 18/18 MP: 1/7
   788 | D:1      | Learned a level 2 spell: Searing Ray
   827 | D:1      | You pick up a book of Spatial Translocations and begin
                  | reading...
   827 | D:1      | You add the spells Blink, Lesser Beckoning and Manifold
                  | Assault to your library.
  1454 | D:2      | Found a faded altar of an unknown god.
  1470 | D:2      | You pick up a book of Minor Magic and begin reading...
  1470 | D:2      | You add the spells Call Imp and Mephitic Cloud to your
                  | library.
  1595 | D:2      | Gained mutation: Your natural rate of healing is unusually
                  | fast. [Vine Stalker growth]
  1595 | D:2      | Reached XP level 4. HP: 22/22 MP: 9/9
  1908 | D:3      | You pick up a book of Alchemy and begin reading...
  1908 | D:3      | You add the spells Sublimation of Blood, Petrify and
                  | Irradiate to your library.
  1999 | D:3      | Identified the +0 helmet of Uffoysa {Rampage Will++ Regen+
                  | Slay-2}
  2100 | D:3      | Found a glowing drain.
  2107 | D:3      | Reached skill level 3 in Spellcasting
  2131 | Sewer    | Entered a sewer
  2353 | Sewer    | Reached XP level 5. HP: 26/26 MP: 4/10
  2582 | Sewer    | Reached skill level 1 in Shields
  2639 | Sewer    | Reached skill level 2 in Fighting
  2641 | Sewer    | Reached XP level 6. HP: 30/30 MP: 1/12
  3655 | D:4      | Found an ancient bone altar of Kikubaaqudgha.
  3784 | D:4      | Found a sparkling altar of Nemelex Xobeh.
  3930 | D:5      | Entered Level 5 of the Dungeon
  3930 | D:5      | Noticed a black bear
  3932 | D:5      | Noticed Sigmund
  3935 | D:5      | Killed Sigmund
  3936 | D:5      | Reached skill level 3 in Dodging
  3936 | D:5      | Reached skill level 2 in Shields
  3936 | D:5      | Reached skill level 5 in Conjurations
  3936 | D:5      | Reached XP level 7. HP: 32/35 MP: 10/13
  3940 | D:5      | Reached skill level 4 in Spellcasting
  4001 | D:4      | Reached skill level 3 in Fighting
  4589 | D:5      | Gained mutation: You have razor-sharp teeth. [Vine Stalker
                  | growth]
  4589 | D:5      | Reached XP level 8. HP: 40/40 MP: 8/15
  4667 | D:5      | Reached skill level 3 in Shields
  4980 | D:5      | HP: 8/34 [wight/+4 battleaxe (1)]
  5104 | D:5      | You pick up a book of Spatial Translocations and begin
                  | reading...
  5266 | D:6      | Reached skill level 4 in Dodging
  5266 | D:6      | Reached skill level 5 in Spellcasting
  5356 | D:5      | Reached skill level 6 in Conjurations
  5452 | D:6      | Reached skill level 4 in Fighting
  5607 | D:6      | Noticed Menkaure
  5614 | D:6      | Killed Menkaure
  5816 | D:6      | Noticed a four-headed hydra
  5817 | D:6      | Noticed a troll
  5836 | D:6      | Killed a troll
  5837 | D:6      | Reached skill level 4 in Shields
  5837 | D:6      | Reached XP level 9. HP: 38/46 MP: 0/18
  5967 | D:6      | Noticed a kobold demonologist
  5977 | D:6      | Noticed a smoke demon
  5977 | D:6      | Killed a kobold demonologist
  6062 | D:6      | HP: 11/46 [four-headed hydra (10)]
  6062 | D:6      | HP: 3/46 [four-headed hydra (8)]
  6205 | D:6      | You add the spells Ignite Poison and Freezing Cloud to your
                  | library.
  6227 | D:6      | Found a staircase to the Ecumenical Temple.
  6236 | Temple   | Entered the Ecumenical Temple
  6440 | D:6      | Killed a four-headed hydra
  6441 | D:6      | Reached skill level 5 in Fighting
  6441 | D:6      | Reached skill level 5 in Dodging
  6441 | D:6      | Reached skill level 6 in Spellcasting
  6441 | D:6      | Reached skill level 7 in Conjurations
  7294 | D:7      | Reached skill level 5 in Shields
  7453 | D:7      | Reached XP level 10. HP: 51/51 MP: 16/20
  7622 | D:7      | Noticed a manticore
  7640 | D:7      | Killed a manticore
  7647 | D:7      | Reached skill level 7 in Spellcasting
  7842 | D:7      | Reached skill level 6 in Fighting
  7965 | D:7      | Noticed a manticore
  7975 | D:7      | Killed a manticore
  8188 | D:7      | Found an ornate altar of the Wu Jian Council.
  8188 | D:7      | Found a sacrificial altar of Ru.
  8188 | D:7      | Found an iron altar of Okawaru.
  8188 | D:7      | Found an opulent altar of Gozag.
  8193 | D:7      | Found a radiant altar of Vehumet.
  8193 | D:7      | Found a hazy altar of Hepliaklqana.
  8208 | D:7      | Became a worshipper of Vehumet
  8553 | D:7      | Reached skill level 8 in Conjurations
  8826 | D:8      | Reached skill level 6 in Dodging
  8833 | D:8      | You pick up a book of Rime and begin reading...
  8833 | D:8      | You add the spells Frozen Ramparts, Ice Form and Summon Ice
                  | Beast to your library.
  9172 | D:8      | Reached skill level 6 in Shields
  9313 | D:8      | Reached skill level 1 in Evocations
  9549 | D:9      | Reached skill level 1 in Ice Magic
  9789 | D:9      | Reached * piety under Vehumet
  9789 | D:9      | Offered knowledge of Freeze by Vehumet.
 10093 | D:9      | You pick up a book of Necromancy and begin reading...
 10093 | D:9      | You add the spells Necrotise, Vampiric Draining and Agony
                  | to your library.
 10520 | D:9      | Reached XP level 11. HP: 43/58 MP: 9/23
 10693 | D:10     | Entered Level 10 of the Dungeon
 10870 | D:10     | Reached skill level 2 in Ice Magic
 10871 | D:10     | Reached skill level 2 in Evocations
 10939 | D:10     | Noticed Psyche
 10949 | D:10     | Killed Psyche
 11066 | D:10     | Noticed Urug
 11082 | D:10     | Killed Urug
 11600 | D:10     | Reached skill level 8 in Spellcasting
 11835 | D:10     | magus.rc [v1.9.6]
 11844 | D:10     | Learned a level 3 spell: Frozen Ramparts
 11867 | D:11     | Noticed a two-headed ogre
 11875 | D:11     | Killed a two-headed ogre
 11876 | D:11     | Reached skill level 7 in Fighting
 11876 | D:11     | Reached skill level 3 in Ice Magic
 11978 | D:11     | Reached skill level 3 in Evocations
 12097 | D:11     | Noticed a fire dragon
 12105 | D:11     | Noticed a skeletal warrior
 12109 | D:11     | HP: 9/58 [skeletal warrior/+0 halberd (6)]
 12109 | D:11     | Demolished by a komodo dragon

Vanquished Creatures
  A hydra (D:6)
  A two-headed ogre (D:11)
  Urug (D:10)
  2 manticores (D:7)
  An unseen horror (D:10)
  A kobold demonologist (D:6)
  Psyche (D:10)
  2 trolls
  A shadow (D:6)
  Sigmund (D:5)
  4 yaks (D:11)
  A wyvern (D:8)
  A hog (shapeshifter) (D:11)
  A vampire mosquito (D:7)
  3 steam dragons
  Menkaure (D:6)
  2 water moccasins
  2 sky beasts (D:7)
  2 ice beasts
  3 orc warriors
  A black bear (D:5)
  An ogre (D:5)
  4 centaurs
  3 kobold brigands
  11 bullfrogs
  A gnoll sergeant (D:10)
  4 scorpions
  4 wights (D:5)
  7 killer bees
  A howler monkey (D:9)
  3 jellies
  3 orc priests (D:9)
  4 hounds
  2 gnoll boudas
  2 iguanas
  10 orc wizards
  8 adders
  18 gnolls
  2 shadow imps
  A white imp (D:5)
  2 worms (D:3)
  2 dart slugs
  18 orcs
  3 bat zombies (D:4)
  7 endoplasms
  15 giant cockroaches
  8 goblins
  11 hobgoblins
  5 jackals
  3 quokkas (Sewer)
  4 ball pythons
  4 bats
  5 frilled lizards (Sewer)
  16 kobolds
  4 rats
229 creatures vanquished.

Vanquished Creatures (others)
  A fungus (D:11)
  A plant (D:11)
2 creatures vanquished.

Grand Total: 231 creatures vanquished

Table legend:
 A = Non-vault XP
 B = Vault XP
 C = Vault XP percentage of total XP
 D = Non-vault monster count
 E = Vault monster count
 F = Vault count percentage of total count
                 A         B        C        D         E       F
            +---------+---------+-------+---------+---------+-------
      Total |    7766 |    6006 |  43.6 |     171 |      58 |  25.3
            +---------+---------+-------+---------+---------+-------
        D:1 |      50 |       0 |   0.0 |      20 |       0 |   0.0
        D:2 |      42 |       0 |   0.0 |      17 |       0 |   0.0
        D:3 |      85 |      10 |  10.5 |      12 |       2 |  14.3
        D:4 |      69 |       6 |   8.0 |      12 |       3 |  20.0
        D:5 |     896 |     224 |  20.0 |      16 |       2 |  11.1
        D:6 |     612 |    1832 |  75.0 |      10 |       7 |  41.2
        D:7 |     896 |    2193 |  71.0 |      17 |      16 |  48.5
        D:8 |     684 |       0 |   0.0 |      11 |       0 |   0.0
        D:9 |    1428 |       0 |   0.0 |      31 |       0 |   0.0
       D:10 |    1113 |    1160 |  51.0 |      18 |       2 |  10.0
       D:11 |    1891 |     336 |  15.1 |       7 |       2 |  22.2
      Sewer |       0 |     245 | 100.0 |       0 |      24 | 100.0
            +---------+---------+-------+---------+---------+-------

Illustrated notes

Table legend:
 A = Kills in this place as a percentage of kills in entire the game.
 B = Kills by you in this place as a percentage of kills by you in the entire game.
 C = Kills by friends in this place as a percentage of kills by friends in the entire game.
 D = Other kills in this place as a percentage of other kills in the entire game.
 E = Experience gained in this place as a percentage of experience gained in the entire game.
 F = Experience gained in this place divided by the number of levels of this place that you have seen.
                   A       B       C       D       E      F
               +-------+-------+-------+-------+-------+----------------------
         Total | 100.0 | 100.0 |   N/A |   N/A | 100.0 | 1059.4
       Dungeon |  89.5 |  89.5 |   N/A |   N/A |  98.2 | 1229.7
         Sewer |  10.5 |  10.5 |   N/A |   N/A |   1.8 | 245.0
               +-------+-------+-------+-------+-------+----------------------

Table legend: (Time is in decaauts)
 A = Elapsed time spent in this place.
 B = Non-inter-level travel time spent in this place.
 C = Inter-level travel time spent in this place.
 D = Time resting spent in this place.
 E = Time spent auto-exploring this place.
 F = Levels seen in this place.
 G = Mean time per level.
                   A        B        C        D        E       F      G
               +--------+--------+--------+--------+--------+-----+--------+
         Total |  12274 |  11772 |    502 |    657 |   8578 |  13 |  944.2 |
       Dungeon |  11279 |  10777 |    502 |    657 |   7947 |  11 | 1025.4 |
        Temple |     65 |     65 |      0 |      0 |      0 |   1 |   65.0 |
         Sewer |    928 |    928 |      0 |      0 |    631 |   1 |  928.0 |
               +--------+--------+--------+--------+--------+-----+--------+

Top non-repeatable levels by time:
     D:6: 1860 daAuts
     D:5: 1371 daAuts
     D:7: 1370 daAuts
     D:9: 1189 daAuts
    D:10: 1166 daAuts
     D:1: 951 daAuts
   Sewer: 928 daAuts
     D:8: 826 daAuts
     D:2: 809 daAuts
     D:3: 781 daAuts
     D:4: 694 daAuts
    D:11: 259 daAuts
  Temple: 65 daAuts
